 Dungeon Crawl Stone Soup version 0.19-a0-1714-gcab94ab (webtiles) character file.

124 dobroeutro the Skirmisher (level 4, 0/37 HPs)
             Began as a Demonspawn Fighter on Sept 28, 2016.
             Slain by an adder (2 damage)
             ... on level 2 of the Dungeon.
             The game lasted 00:02:22 (2181 turns).

dobroeutro the Skirmisher (Demonspawn Fighter)      Turns: 2181, Time: 00:02:23

Health: 0/37       AC:  7    Str: 17    XL:     4   Next: 81%
Magic:  4/4        EV:  6    Int: 10    God:
Gold:   116        SH:  8    Dex: 12    Spells: 0 memorised, 3 levels left

rFire  . . .     SeeInvis .     a - +0 war axe
rCold  . . .     Gourm    .     b - +0 scale mail
rNeg   . . .     Faith    .     c - +0 shield
rPois  .         Spirit   .     (no helmet)
rElec  .         Dismiss  .     (no cloak)
rCorr  .         Reflect  .     (no gloves)
MR     .....     Harm     .     (no boots)
Stlth  ..........               (no amulet)
                                (no ring)
                                (no ring)

@: no status effects
A: talons 1
a: no special abilities


You were on level 2 of the Dungeon.
You were not hungry.

You visited 1 branch of the dungeon, and saw 3 of its levels.

You collected 116 gold pieces.

Inventory:

Hand Weapons
 a - a +0 war axe (weapon)
Armour
 b - a +0 scale mail (worn)
 c - a +0 shield (worn)
Scrolls
 e - 2 scrolls of immolation {unknown}
 i - a scroll of noise {unknown}
 l - a scroll of fog {unknown}
 m - a scroll of teleportation {unknown}
Potions
 d - 3 potions of might
 g - 2 potions of heal wounds {unknown}
 h - a potion of haste {unknown}
 j - a potion of degeneration {unknown}
Comestibles
 f - 4 bread rations
 k - 2 meat rations
 n - 4 fruits
 o - 4 chunks of flesh


   Skills:
 + Level 3.7 Fighting
 * Level 3.4 Axes
 + Level 3.4 Armour
 - Level 2.6 Shields


You had 3 spell levels left.
You didn't know any spells.

Dungeon Overview and Level Annotations

Branches:
Dungeon (3/15)

Altars:
Elyvilon

Annotations:
D:3 Grinder


Innate Abilities, Weirdness & Mutations

You have sharp toenails.


Message History

The adder is moderately wounded.
The adder closely misses you. The adder bites you.
* * * LOW HITPOINT WARNING * * *
You hit the adder.
The adder is severely wounded.
You block the adder's attack. The adder bites you but does no damage.
You closely miss the adder. Your kick misses the adder.
The adder is severely wounded.
The adder bites you but does no damage. The adder bites you.
* * * LOW HITPOINT WARNING * * *
You closely miss the adder. You claw the adder, but do no damage.
The adder is severely wounded.
The adder bites you but does no damage.
You closely miss the adder.
The adder is severely wounded.
You block the adder's attack. x2
Your shield prevents you from hitting the adder.
The adder is severely wounded.
You block the adder's attack. The adder bites you.
You die...

♣♣♣..♣#.##.##########.#
#.# ♣♣.♣#....#
#........# #.#
♣....##.# #.#####..#
#.# ♣ ♣♣♣#.##.# #.#
#..# #.# ♣ #.##.###.#
#÷.# #.# ♣♣ #.##.)...#
#..# #.# .♣ #.##.#####
#..# #.# .♣ ♣♣♣
#.##.#########..# #.#
.♣♣ ♣.♣
#.##@...........###.#
..♣ ♣.♣♣♣
#.##S##########......
..♣♣♣...♣♣ #.##.#
####.## ♣..♣.....♣
#.##.# #.# ♣....♣...♣
#.#### #.## ♣♣♣.♣♣♣♣.♣
#.# #..# ♣♣♣ ♣.♣ #.# ♣
♣♣♣###.# ♣♣.♣ #.#
♣.♣.P'.#.# ♣..♣ #.#
♣.PP....#


You could see an adder.

Vanquished Creatures
  Jessica (D:3)
  A gnoll (D:1)
  2 adders (D:2)
  2 oozes
  2 worms (D:2)
  3 dart slugs
  3 orcs (D:3)
  A ball python (D:2)
  5 goblins
  8 hobgoblins
  2 jackals (D:2)
  A quokka (D:2)
  6 bats
  A frilled lizard (D:1)
  6 kobolds
  8 rats
52 creatures vanquished.

Notes
Turn   | Place    | Note
-------+----------+-------------------------------------------
     0 | D:1      | dobroeutro the Demonspawn Fighter began the quest for the Orb.
     0 | D:1      | Reached XP level 1. HP: 18/18 MP: 1/1
   213 | D:1      | Gained mutation: You have sharp toenails. [demonic ancestry]
   213 | D:1      | Reached XP level 2. HP: 9/24 MP: 2/2
   449 | D:1      | Reached XP level 3. HP: 20/29 MP: 3/3
  1382 | D:2      | Reached XP level 4. HP: 18/35 MP: 4/4
  1613 | D:2      | Found a white marble altar of Elyvilon.
  2114 | D:3      | Noticed Jessica
  2128 | D:3      | Killed Jessica
  2139 | D:3      | Noticed Grinder
  2141 | D:3      | Paralysed by Grinder for 7 turns
  2181 | D:2      | Slain by an adder

Vault maps used:
D:1:      dpeg_arrival_circle_labyrinth_c
D:2:      kb_forest_paths, first_bread, elyvilon_altar_5,
          uniq_crazy_yiuf_cottage
D:3:      uniq_grinder, uniq_jessica

Skill      XL: |  1  2  3 |
---------------+----------+-----
Axes           | 2 3 |  3.4
Armour         | 3 |  3.4
Fighting       | |  3.7
Shields        | |  2.6

Action                   |  1- 3 |  4- 6 || total
-------------------------+-------+-------++-------
Melee: War axe           |   103 |    73 ||   176
       Kick              |    25 |    15 ||    40
  Eat: Chunk             |     1 |     3 ||     4
Armor: Scale mail        |    60 |    52 ||   112
Dodge: Dodged            |    28 |    18 ||    46
Block: Shield            |    44 |    39 ||    83
